 Dungeon Crawl Stone Soup version 0.31.0-11-ge490571c62 (webtiles) character file.

Game seed: 16877120011690384275

28 zenocrate the Sneak (level 3, -1/17 HPs)
             Began as a Vine Stalker Enchanter on Jan 30, 2024.
             Slain by a quokka (3 damage)
             ... on level 2 of the Dungeon.
             The game lasted 00:00:48 (759 turns).

zenocrate the Sneak (Vine Stalker Enchanter)         Turns: 759, Time: 00:00:49

Health: -1/17      AC:  2    Str: 10    XL:     3   Next: 12%
Magic:  0/7        EV: 12    Int: 15    God:
Gold:   36         SH:  0    Dex: 16    Spells: 1/6 levels left

rFire   . . .        b - +0 short sword (speed)
rCold   . . .        (no shield)
rNeg    . . .        g - +0 robe
rPois   .            (no helmet)
rElec   .            (no cloak)
rCorr   .            (no gloves)
SInv    .            (no boots)
Will    .....        (no amulet)
Stlth   +++          (no ring)
HPRegen 1.02/turn    (no ring)
MPRegen 0.10/turn

%: guardian spirit
@: very slightly contaminated
A: fangs 2, regeneration 1, magic shield, antimagic bite, no potion heal 2
a: no special abilities


You were on level 2 of the Dungeon.
You visited 1 branch of the dungeon, and saw 2 of its levels.

You collected 36 gold pieces.

Inventory:

Hand Weapons
 a - a +1 dagger
 b - a +0 short sword of speed (weapon)
Armour
 g - a +0 robe (worn)
Scrolls
 d - a scroll of noise {unknown}
 e - a scroll of revelation {unknown}
 f - a scroll of teleportation {unknown}
 h - a scroll of identify {unknown}
 i - a scroll of fear {unknown}
 j - 2 scrolls of vulnerability {unknown}
Potions
 c - 2 potions of invisibility


   Skills:
 + Level 0.4 Fighting
 + Level 1.4 Short Blades
 + Level 1.9 Dodging
 + Level 4.0 Stealth
 - Level 2.1 Spellcasting
 + Level 3.2 Hexes
 + Level 0.4 Ice Magic


You had one spell level left.
You knew the following spells:

 Your Spells              Type           Power      Damage    Failure   Level
a - Ensorcelled Hibernat  Hex/Ice        14%        N/A       16%         2
b - Confusing Touch       Hex            11%        N/A       17%         3

Your spell library contained the following spells:

 Spells                   Type           Power      Damage    Failure   Level
 Tukima's Dance           Hex            11%        N/A       17%         3
 Dazzling Flash           Conj/Hex       12%        N/A       32%         3
 Leda's Liquefaction      Alch/Erth      0%         N/A       91%         4
 Lee's Rapid Deconstruct  Erth           0%         3d4*      99%         5
 Bombard                  Conj/Erth      0%         9d1       100%        6


Dungeon Overview and Level Annotations

Branches:
Dungeon (2/15)

Altars:


Innate Abilities, Weirdness & Mutations

You have extremely sharp teeth.
Your natural rate of healing is unusually fast.
When hurt, damage is shared between your health and your magic reserves.
Your bite disrupts and absorbs the magic of your enemies.
Potions cannot restore your health.


Message History

A gnoll comes into view. It is wielding a +0 flail.
The gnoll hits you with a +0 spear.
There are monsters nearby!
You barely miss the gnoll.
The gnoll shouts!
You bite the gnoll. You drain its power.
You feel invigorated.
The gnoll is lightly wounded.
You hear a shout!
The gnoll barely misses you.
A gnoll comes into view.
It is wielding a +0 spear and quivering a throwing net.
You hear a shout!
Unknown command.
Casting: Ensorcelled Hibernation (safe; 16% risk of failure)
Confirm with . or Enter, or press ? or * to list all spells.
Aiming: Ensorcelled Hibernation (safe; 16% risk of failure)
Press: ? - help, Shift-Dir - straight line, f - gnoll
Aim: a gnoll, wielding a +0 spear (lightly wounded, chance to affect: 50%)
You miscast Ensorcelled Hibernation.
You are very lightly contaminated with residual magic.
Nothing appears to happen.
A quokka comes into view.
The gnoll closely misses you.
You barely miss the gnoll. You bite the gnoll. You drain its power.
You feel invigorated.
The gnoll is moderately wounded.
The gnoll misses you.
Casting: Ensorcelled Hibernation (safe; 16% risk of failure)
Confirm with . or Enter, or press ? or * to list all spells.
Aiming: Ensorcelled Hibernation (safe; 16% risk of failure)
Press: ? - help, Shift-Dir - straight line, f/p - gnoll
Aim: a gnoll, wielding a +0 spear (moderately wounded, chance to affect: 50%)
You miscast Ensorcelled Hibernation.
Nothing appears to happen.
The quokka bites you. The gnoll hits you with a +0 spear!
* * * LOW HITPOINT WARNING * * *
Unknown command.
You barely miss the quokka. Your bite misses the quokka. The quokka bites you.
* * * LOW HITPOINT WARNING * * *
Unknown command.
You closely miss the quokka. The quokka bites you.
You die...

..#..#.
#....#.#
#......
#..#.###
#!.....
..)..# #
#..###.#
#.†r@gS#
#.####gg....
#<# .#.#.
### #


You could see 3 gnolls, a quokka and a ball python.

Vanquished Creatures
  2 dart slugs (D:1)
  A ribbon worm (D:2)
  A bat (D:1)
  3 goblins (D:1)
  3 hobgoblins (D:1)
  3 quokkas (D:1)
  2 ball pythons (D:1)
  A kobold (D:1)
  4 rats (D:1)
20 creatures vanquished.

Notes
Turn   | Place    | Note
-------+----------+-------------------------------------------
     0 | D:1      | zenocrate the Vine Stalker Enchanter began the quest for
                  | the Orb.
     0 | D:1      | Reached XP level 1. HP: 9/9 MP: 4/4
    25 | D:1      | Reached skill level 1 in Short Blades
   223 | D:1      | Reached XP level 2. HP: 11/13 MP: 4/6
   241 | D:1      | Learned a level 2 spell: Ensorcelled Hibernation
   626 | D:1      | Reached XP level 3. HP: 17/17 MP: 1/7
   630 | D:1      | Learned a level 3 spell: Confusing Touch
   751 | D:2      | Reached skill level 4 in Stealth
   759 | D:2      | Slain by a quokka

Illustrated notes

Levels and vault maps discovered:
D:1:      minmay_arrival_open_corners, layout_basic, serial_bayou_pond_c,
          serial_bayou_pond_b
D:2:      layout_basic, basic_ecumenical_altar, minmay_between

Skill      XL: |  1  2  3 |
---------------+----------+-----
Short Blades   | 1 |  1.4
Stealth        | 4 |  4.0
Fighting       | |  0.4
Dodging        | |  1.9
Spellcasting   | |  2.1
Hexes          | |  3.2
Ice Magic      | |  0.4

Action                     || total
---------------------------++-------
  Melee: Dagger            ||    31
         Bite              ||    24
         Short sword       ||    58
   Cast: Ensorcelled Hiber ||     4
   Stab: Sleeping          ||     4
 Armour: Robe              ||    38
  Dodge: Dodged            ||    55
